AoeStats
← visikid

Arena

510228891Analyzed
2v2 RM · 1d ago on Sep 30, 2026· 90m 21s· 4 players
Game mode
Random Map
Map size
Medium (4 player)
Population
200
Speed
Normal
Resources
Standard
Victory
Conquest
Starting age
Dark Age
Ending age
Imperial Age
RankedLock teamsTeams togetherTeam positionsShared explorationLock speedFull tech treeHidden civsTurbo modeCheats
Victory
Defeat
🇨🇱 Bulgarians · Chile
956
+17
🇨🇱 Vietnamese · Chile
903
+19
🇺🇸 Huns · United States
989
-19
🇦🇷 Koreans · Argentina
941
-17
Tricio 12
13:22 Feudal Age
14:09 Double-Bit Axe
14:09 Horse Collar
20:38 Castle Age
19:33 Fletching
21:40 Horse Collar
22:13 Bow Saw
22:11 Bodkin Arrow
23:30 Heavy Plow
24:55 Murder Holes
25:21 Ballistics
24:42 Treadmill Crane
28:39 Wheelbarrow
28:05 Gold Mining
29:30 Gold Shaft Mining
30:18 Hand Cart
31:13 Eupseong
33:55 Caravan
37:20 Imperial Age
36:05 Elite Skirmisher
38:04 Loom
38:25 Pikeman
39:05 Squires
40:14 Conscription
40:13 Thumb Ring
40:14 Halberdier
41:05 Bracer
42:07 Scale Mail Armor
42:18 Forging
43:57 Chemistry
43:03 Siege Engineers
42:35 Crossbowman
44:38 Arrowslits
47:14 Stone Mining
46:49 Arbalester
50:15 Chain Mail Armor
50:36 Iron Casting
51:59 Plate Mail Armor
51:31 Capped Ram
61:12 Two-Man Saw
62:10 Stone Shaft Mining
visikid
9:50 Feudal Age
10:18 Double-Bit Axe
15:42 Wheelbarrow
17:29 Castle Age
16:02 Scale Barding Armor
15:49 Fletching
16:00 Padded Archer Armor
16:16 Forging
26:32 Fletching
28:05 Stone Mining
28:18 Gold Mining
42:44 Imperial Age
41:09 Thumb Ring
42:10 Bodkin Arrow
42:39 Chain Barding Armor
44:04 Parthian Tactics
44:23 Conscription
50:59 Light Cavalry
51:50 Bloodlines
54:09 Plate Barding Armor
55:02 Hussar
55:43 Horse Collar
60:17 Iron Casting
Attilio2477
11:44 Feudal Age
13:04 Wheelbarrow
12:18 Double-Bit Axe
12:31 Stone Mining
13:04 Loom
18:37 Castle Age
17:12 Scale Mail Armor
18:05 Horse Collar
20:14 Heavy Plow
20:45 Hand Cart
20:35 Town Watch
21:21 Bow Saw
21:50 Padded Archer Armor
22:01 Forging
25:21 Scale Barding Armor
25:50 Gold Mining
26:20 Elite Skirmisher
27:16 Arson
28:49 Ballistics
28:50 Squires
29:24 Squires
28:45 Pikeman
29:37 Thumb Ring
31:27 Chatras
31:36 Fletching
32:02 Chain Mail Armor
33:57 Husbandry
37:24 Imperial Age
36:22 Light Cavalry
37:13 Bloodlines
39:23 Chemistry
39:42 Chain Barding Armor
39:58 Iron Casting
39:54 Plate Mail Armor
42:31 Paper Money
41:32 Elite Rattan Archer
45:56 Cavalier
46:52 Imperial Skirmisher
51:14 Murder Holes
51:40 Halberdier
55:41 Leather Archer Armor
59:15 Hoardings
58:53 Siege Engineers
63:35 Bodkin Arrow
64:11 Ring Archer Armor
64:16 Plate Barding Armor
65:03 Treadmill Crane
79:15 Two-Man Saw
77:45 Heavy Cavalry Archer
80:04 Stone Shaft Mining
80:47 Elite Battle Elephant
86:09 Bracer
JBR94
10:19 Feudal Age
11:37 Loom
14:51 Castle Age
15:08 Double-Bit Axe
20:18 Fletching
26:20 Forging
29:04 Scale Barding Armor
28:57 Bodkin Arrow
30:23 Thumb Ring
34:06 Iron Casting
33:51 Chain Barding Armor
33:57 Elite Skirmisher
35:46 Bloodlines
35:36 Husbandry
34:58 Light Cavalry
36:38 Wheelbarrow
38:37 Bow Saw
40:48 Hand Cart
44:12 Imperial Age
46:15 Blast Furnace
45:51 Plate Barding Armor
50:40 Ballistics
51:50 Imperial Skirmisher
56:54 Conscription
57:21 Horse Collar
58:51 Hussar
60:43 Bracer
61:46 Pikeman
63:48 Halberdier
64:42 Heavy Plow
65:22 Scale Mail Armor
72:09 Stirrups
74:26 Crop Rotation
83:41 Padded Archer Armor
87:46 Cavalier
Connection lost

Rejoining the realm…

Still unreachable

The connection could not be restored.

Session expired

The server has moved on; the page needs a fresh start.